 Dungeon Crawl Stone Soup version 0.28.0 (webtiles) character file.

Game seed: 8796736356278641589

169 Vidalia the Fighter (level 5, 0/51 HPs)
             Began as a Gnoll Wanderer on Feb 16, 2022.
             Slain by a gnoll shaman (2 damage)
             ... on level 3 of the Dungeon.
             The game lasted 00:07:52 (2757 turns).

Vidalia the Fighter (Gnoll Wanderer)                Turns: 2757, Time: 00:07:52

Health: 0/51       AC:  5    Str: 16    XL:     5   Next: 50%
Magic:  8/8        EV: 10    Int: 16    God:
Gold:   126        SH:  0    Dex: 10    Spells: 7/7 levels left

rFire   . . .      SeeInvis .   a - +3 dagger
rCold   . . .      Faith    .   (no shield)
rNeg    . . .      Spirit   .   i - +0 ring mail
rPois   .          Reflect  .   (no helmet)
rElec   .          Harm     .   (no cloak)
rCorr   .          Rampage  .   (no gloves)
Will    .....                   (no boots)
Stlth   +.........              (no amulet)
HPRegen 0.17/turn               o - +6 ring of intelligence
MPRegen 0.11/turn               (no ring)

@: no status effects
A: fangs 1, strong nose, distributed training
a: no special abilities


You were on level 3 of the Dungeon.
You visited 1 branch of the dungeon, and saw 3 of its levels.

You collected 126 gold pieces.

Inventory:

Hand Weapons
 a - a +3 dagger (weapon)
 c - a +0 hand axe
 h - a +0 hunting sling
Missiles
 b - 3 curare-tipped darts (quivered)
 g - 24 stones
Armour
 d - a +0 leather armour
 i - a +0 ring mail (worn)
Jewellery
 o - a +6 ring of intelligence (left hand)
Scrolls
 e - a scroll of torment {unknown}
 j - 2 scrolls of teleportation {unknown}
 l - a scroll of summoning {unknown}
 m - a scroll of fog {unknown}
 n - 2 scrolls of identify {unknown}
 p - a scroll of vulnerability {unknown}
Potions
 f - a potion of brilliance {unknown}
 k - a potion of haste {unknown}
 q - a potion of might {unknown}
 r - a potion of degeneration {unknown}


   Skills:
 + Level 8.6 Fighting
 + Level 1.5 Short Blades
 + Level 1.5 Long Blades
 + Level 3.0 Axes
 + Level 1.5 Maces & Flails
 + Level 1.5 Polearms
 + Level 1.5 Staves
 + Level 1.5 Slings
 + Level 1.5 Bows
 + Level 1.5 Crossbows
 + Level 4.8 Throwing
 + Level 3.0 Armour
 + Level 1.5 Dodging
 + Level 1.5 Stealth
 + Level 1.5 Shields
 + Level 1.5 Unarmed Combat
 + Level 1.5 Spellcasting
 + Level 1.2 Conjurations
 + Level 1.2 Hexes
 + Level 1.2 Summonings
 + Level 1.2 Necromancy
 + Level 1.2 Translocations
 + Level 1.2 Transmutations
 + Level 1.2 Fire Magic
 + Level 1.2 Ice Magic
 + Level 1.2 Air Magic
 + Level 1.2 Earth Magic
 + Level 1.2 Poison Magic
 + Level 4.9 Invocations
 + Level 1.5 Evocations


You had 7 spell levels left.
You didn't know any spells.
Your spell library was empty.

Dungeon Overview and Level Annotations

Branches:
Dungeon (3/15)

Altars:
Vehumet


Innate Abilities, Weirdness & Mutations

You have very sharp teeth.
Your uncanny sense of smell can sniff out nearby items.
Your experience applies equally to all skills.


Message History

You barely miss the gnoll shaman.
The gnoll shaman calls upon its god to heal the gnoll.
The gnoll's wounds heal themselves!
You hit the gnoll shaman.
The gnoll shaman is lightly wounded.
The gnoll shaman barely misses you.
You barely miss the gnoll shaman.
The gnoll shaman is lightly wounded.
The gnoll shaman invokes the aid of its god against you.
You resist with some effort.
You hit the gnoll shaman.
The gnoll shaman is moderately wounded.
The gnoll shaman closely misses you.
You hit the gnoll shaman.
The gnoll shaman is moderately wounded.
The gnoll shaman hits you with a +0 whip!
You hit the gnoll shaman but do no damage.
The gnoll shaman is moderately wounded.
The gnoll shaman hits you with a +0 whip!
* * * LOW HITPOINT WARNING * * *
You hit the gnoll shaman.
The gnoll shaman is heavily wounded.
The gnoll shaman closely misses you.
You closely miss the gnoll shaman.
The gnoll shaman is heavily wounded.
The gnoll shaman closely misses you.
You hit the gnoll shaman but do no damage.
You bite the gnoll shaman, but do no damage.
The gnoll shaman is heavily wounded.
You hit the gnoll shaman. Your bite misses the gnoll shaman.
The gnoll shaman is heavily wounded.
The gnoll shaman barely misses you.
You hit the gnoll shaman but do no damage.
The gnoll shaman is heavily wounded.
The gnoll shaman hits you with a +0 whip!
* * * LOW HITPOINT WARNING * * *
You hit the gnoll shaman.
The gnoll shaman is severely wounded.
The gnoll shaman hits you with a +0 whip.
You die...

#.# .......
#
#.###.......
...
#.##........
...
#.##........
#...
#.##........
#...
#.##........
#...
#.##gg......
#.##g#
#.##@#
#.##.#
#....#
######


You could see a gnoll shaman and 2 gnolls.

Vanquished Creatures
  An iguana (D:2)
  Natasha (twice) (D:3)
  A gnoll (D:3)
  3 adders
  An adder skeleton (D:2)
  6 orcs (D:3)
  4 bats
  3 endoplasms
  A giant cockroach (D:1)
  5 goblins
  8 hobgoblins
  3 jackals (D:3)
  5 kobolds
  3 quokkas
  4 ball pythons
  3 frilled lizards
  3 rats
56 creatures vanquished.

Vanquished Creatures (others)
  6 plants (D:1)
6 creatures vanquished.

Grand Total: 62 creatures vanquished

Notes
Turn   | Place    | Note
-------+----------+-------------------------------------------
     0 | D:1      | Vidalia the Gnoll Wanderer began the quest for the Orb.
     0 | D:1      | Vidalia set off with the following items: a +3 dagger, 3
                  | curare-tipped darts, a +0 hand axe, a +0 leather armour
     0 | D:1      | Reached XP level 1. HP: 26/26 MP: 3/3
    94 | D:1      | Reached XP level 2. HP: 8/33 MP: 5/5
   792 | D:1      | Found a faded altar of an unknown god.
   925 | D:2      | Reached XP level 3. HP: 28/38 MP: 6/6
  1259 | D:2      | Reached skill level 1 in Short Blades
  1259 | D:2      | Reached skill level 1 in Long Blades
  1259 | D:2      | Reached skill level 1 in Maces & Flails
  1259 | D:2      | Reached skill level 1 in Polearms
  1259 | D:2      | Reached skill level 1 in Staves
  1259 | D:2      | Reached skill level 1 in Slings
  1259 | D:2      | Reached skill level 1 in Bows
  1259 | D:2      | Reached skill level 1 in Crossbows
  1259 | D:2      | Reached skill level 1 in Dodging
  1259 | D:2      | Reached skill level 1 in Stealth
  1259 | D:2      | Reached skill level 1 in Shields
  1259 | D:2      | Reached skill level 1 in Unarmed Combat
  1259 | D:2      | Reached skill level 1 in Spellcasting
  1259 | D:2      | Reached skill level 1 in Evocations
  1260 | D:2      | Reached XP level 4. HP: 28/45 MP: 7/7
  2044 | D:3      | Reached skill level 1 in Conjurations
  2044 | D:3      | Reached skill level 1 in Hexes
  2044 | D:3      | Reached skill level 1 in Summonings
  2044 | D:3      | Reached skill level 1 in Necromancy
  2044 | D:3      | Reached skill level 1 in Translocations
  2044 | D:3      | Reached skill level 1 in Transmutations
  2044 | D:3      | Reached skill level 1 in Fire Magic
  2044 | D:3      | Reached skill level 1 in Ice Magic
  2044 | D:3      | Reached skill level 1 in Air Magic
  2044 | D:3      | Reached skill level 1 in Earth Magic
  2044 | D:3      | Reached skill level 1 in Poison Magic
  2582 | D:3      | Found a radiant altar of Vehumet.
  2590 | D:3      | Reached XP level 5. HP: 48/51 MP: 8/8
  2618 | D:3      | Noticed Natasha
  2629 | D:3      | Killed Natasha
  2723 | D:3      | Noticed Natasha
  2743 | D:3      | Killed Natasha
  2756 | D:3      | HP: 2/51 [gnoll shaman (10)]
  2757 | D:3      | Slain by a gnoll shaman

Illustrated notes

Levels and vault maps discovered:
D:1:      eino_arrival_water_star, layout_rooms, serial_forest,
          infiniplex_forest_corner_1, infiniplex_forest_clump_tiny,
          infiniplex_forest_clump_small, infiniplex_forest_clump_double,
          infiniplex_forest_clump_large, infiniplex_forest_lined_1,
          hellmonk_ecumenical_altar_crossroads
D:2:      layout_basic, serial_aquarium, aquarium_bridge_long_joined
          [aquarium_subvault_wall, aquarium_subvault_wall,
          aquarium_subvault_wall, aquarium_subvault_bridge,
          aquarium_subvault_window, aquarium_subvault_bridge],
          aquarium_window_1, aquarium_window_fake, aquarium_window_corner,
          aquarium_view_2a, aquarium_pool_2
D:3:      layout_basic, nicolae_vehumet_radiance, lemuel_tele_altar,
          yredelemnul_forgotten_temple_becter, uniq_natasha

Skill      XL: |  1  2  3  4  5 |
---------------+----------------+-----
Short Blades   | 1 |  1.5
Long Blades    | 1 |  1.5
Maces & Flails | 1 |  1.5
Polearms       | 1 |  1.5
Staves         | 1 |  1.5
Slings         | 1 |  1.5
Bows           | 1 |  1.5
Crossbows      | 1 |  1.5
Dodging        | 1 |  1.5
Stealth        | 1 |  1.5
Shields        | 1 |  1.5
Unarmed Combat | 1 |  1.5
Spellcasting   | 1 |  1.5
Evocations     | 1 |  1.5
Conjurations   | 1 |  1.2
Hexes          | 1 |  1.2
Summonings     | 1 |  1.2
Necromancy     | 1 |  1.2
Translocations | 1 |  1.2
Transmutations | 1 |  1.2
Fire Magic     | 1 |  1.2
Ice Magic      | 1 |  1.2
Air Magic      | 1 |  1.2
Earth Magic    | 1 |  1.2
Poison Magic   | 1 |  1.2
Axes           | 3 |  3.0
Armour         | 3 |  3.0
Fighting       | |  8.6
Throwing       | |  4.8
Invocations    | |  4.9

Action                   |  1- 3 |  4- 6 || total
-------------------------+-------+-------++-------
Melee: Dagger            |   119 |   127 ||   246
       Bite              |     9 |    12 ||    21
       Punch             |     1 |     1 ||     2
Armor: Leather armour    |     8 |       ||     8
       Ring mail         |    49 |    57 ||   106
Dodge: Dodged            |    56 |    75 ||   131
